 Dungeon Crawl Stone Soup version 0.31-a0-455-g1a7b003ef0 (webtiles) character file.

Game seed: 15651860833148447219

3 ytrimaz the Ruffian (level 1, -1/22 HPs)
             Began as a Demonspawn Shapeshifter on Aug 4, 2023.
             Slain by a kobold
             ... wielding a +0 short sword
              (4 damage)
             ... on level 1 of the Dungeon.
             The game lasted 00:00:13 (67 turns).

ytrimaz the Ruffian (Demonspawn Shapeshifter)         Turns: 67, Time: 00:00:13

Health: -1/22      AC: 20    Str: 15    XL:     1   Next: 41%
Magic:  1/1        EV:  2    Int:  9    God:
Gold:   0          SH:  0    Dex: 13    Spells: 0/0 levels left

rFire   . .          .
                       - Unarmed
rCold   . . .        (no shield)
rNeg    . . .        a - melded +0 animal skin
rPois   +            (helmet currently unavailable)
rElec   .            (cloak currently unavailable)
rCorr   .            (gloves currently unavailable)
SInv    .            (boots currently unavailable)
Will    .....        (no amulet)
Stlth   +            (no ring)
HPRegen 0.23/turn    (no ring)
MPRegen 0.07/turn

%: no passive effects
@: tree-form
A: stationary, stasis, torment immunity, boosted hp
a: no special abilities


You were on level 1 of the Dungeon.
You were a tree.
You visited 1 branch of the dungeon, and saw 1 of its levels.


   Skills:
 - Level 1.0 Fighting
 - Level 1.7 Dodging
 + Level 2.8 Unarmed Combat
 + Level 2.7 Shapeshifting


You couldn't memorise any spells.
You didn't know any spells.
Your spell library was empty.

Inventory:

Armour
 a - a +0 animal skin (melded)
Talismans
 c - a beast talisman
Potions
 d - a potion of enlightenment {unknown}

Dungeon Overview and Level Annotations

Branches:
Dungeon (1/15) Zot: 5932

Altars:

# #......# #.
#......#
#.##......# ##.
.........##...
####.......#..#
#............#
#...........#
#.....♣.....###
#....KKg......#
#.....†...>...#
#....####.....#
#....
#.....#########
#....
#..............
#...
#...)..........
....
#..............
#.....#########


You could see a goblin and 2 kobolds.


Message History

Options error: Missing colour in message_colour setting: 'but rights himself reflexively soon after' Options error: Missing colour in message_colour setting: 'before it is too late' ✅ Successfully initialized magus.rc [v1.9.6] Welcome, ytrimaz the Demonspawn Shapeshifter.
If you return without finding the Orb of Zot, so far below, it's all over!
Press ? for a list of commands and other information.
Found a staircase leading out of the dungeon.
There is a staircase leading out of the dungeon here.
There is a staircase leading out of the dungeon here.
Key pressed, stopping explore.
A goblin comes into view. It is wielding a +0 club.
Found a stone staircase leading down.
A goblin is nearby!
A goblin is nearby!
The goblin closely misses you.
You punch the goblin!
You kill the goblin!
No target in view!
No target in view!
No target in view!
No target in view!
Things that are here:
a +0 club; a goblin corpse
d - an amethyst potion A goblin comes into view.
It is wielding a +0 dagger.
A goblin is nearby!
A ball python comes into view.
The goblin shouts!
The ball python hisses angrily.
You hear a shout!
The ball python bites you. The ball python grabs you.
The ball python constricts you.
A kobold comes into view. It is wielding a +0 short sword.
A goblin comes into view. It is wielding a +0 dagger.
The ball python barely misses you.
The ball python constricts you. 😕 HP[-2]
You take 2 damage, and now have 13/15 hp.
The kobold shouts!
You hit the ball python.
You kill the ball python! 😕 HP[+1]
You closely miss the goblin. The goblin completely misses you.
Unknown command.
You barely miss the goblin. The goblin closely misses you.
The goblin misses you.
You barely miss the goblin. The goblin closely misses you.
The goblin misses you.
You barely miss the goblin. The goblin closely misses you.
The goblin hits you with a +0 dagger. 😮 HP[-4]
You take 4 damage, and now have 10/15 hp.
MASSIVE DAMAGE!! (PAUSE)
You are too injured to fight recklessly!
You hit the goblin.
You kill the goblin!
The goblin hits you with a +0 dagger. The goblin barely misses you.
You see here a +0 dagger.
You are too injured to fight recklessly!
A kobold comes into view. It is wielding a +0 short sword.
The kobold closely misses you.
Unknown command.
You are too injured to fight recklessly!
The goblin closely misses you.
The kobold hits you with a +0 short sword. 😮 HP[-1]
You take 1 damage, and now have 9/15 hp.
You are too injured to fight recklessly!
You closely miss the kobold. The goblin hits you but does no damage.
The kobold closely misses you.
You are too injured to fight recklessly!
Unknown command.
You closely miss the kobold.
The kobold shouts!
The goblin barely misses you.
The kobold hits you with a +0 short sword. 😮 HP[-1]
You take 1 damage, and now have 8/15 hp.
You barely miss the kobold.
The kobold hits you with a +0 short sword.
* * * LOW HITPOINT WARNING * * *
The kobold hits you with a +0 short sword.
* * * LOW HITPOINT WARNING * * *
The goblin closely misses you. 😱 HP[-6]
You take 6 damage, and now have 2/15 hp.
MASSIVE DAMAGE!! (PAUSE) Really quaff the potion of lignification?
Your transformation has ended.
You turn into a tree.
Your +0 animal skin melds into your body.
Your roots penetrate the ground.
The kobold hits you but does no damage. The goblin barely misses you.
The kobold hits you but does no damage.
Okay, then. 😱 HP[+1]
You now have 22 max hp (+7).
Unknown command.
You closely miss the kobold. The goblin hits you but does no damage.
The kobold hits you but does no damage.
The kobold hits you with a +0 short sword.
You die...

Action                     || total
---------------------------++-------
  Melee: Unarmed           ||    11
    Use: Potion            ||     1
 Armour: Skin              ||     4
         Animal skin       ||     1
  Dodge: Dodged            ||    15

Levels and vault maps discovered:
D:1:      lightli_arrival_chessboard, layout_basic

Notes
Turn   | Place    | Note
-------+----------+-------------------------------------------
     0 | D:1      | ytrimaz the Demonspawn Shapeshifter began the quest for the
                  | Orb.
     0 | D:1      | Reached XP level 1. HP: 15/15 MP: 1/1
     0 | D:1      | magus.rc [v1.9.6]
    65 | D:1      | HP: 2/15 [kobold/+0 short sword (4)]
    67 | D:1      | Slain by a kobold

Vanquished Creatures
  2 goblins (D:1)
  A ball python (D:1)
3 creatures vanquished.

Table legend:
 A = Non-vault XP
 B = Vault XP
 C = Vault XP percentage of total XP
 D = Non-vault monster count
 E = Vault monster count
 F = Vault count percentage of total count
                 A         B        C        D         E       F
            +---------+---------+-------+---------+---------+-------
      Total |       5 |       0 |   0.0 |       3 |       0 |   0.0
            +---------+---------+-------+---------+---------+-------
        D:1 |       5 |       0 |   0.0 |       3 |       0 |   0.0
            +---------+---------+-------+---------+---------+-------

Action                     || total
---------------------------++-------
  Melee: Unarmed           ||    11
    Use: Potion            ||     1
 Armour: Skin              ||     4
         Animal skin       ||     1
  Dodge: Dodged            ||    15

Illustrated notes

Table legend:
 A = Kills in this place as a percentage of kills in the entire game.
 B = Kills by you in this place as a percentage of kills by you in the entire game.
 C = Kills by friends in this place as a percentage of kills by friends in the entire game.
 D = Other kills in this place as a percentage of other kills in the entire game.
 E = Experience gained in this place as a percentage of experience gained in the entire game.
 F = Experience gained in this place divided by the number of levels of this place that you have seen.
                   A       B       C       D       E      F
               +-------+-------+-------+-------+-------+----------------------
         Total | 100.0 | 100.0 |   N/A |   N/A | 100.0 |   5.0
       Dungeon | 100.0 | 100.0 |   N/A |   N/A | 100.0 |   5.0
               +-------+-------+-------+-------+-------+----------------------

Table legend: (Time is in decaauts)
 A = Elapsed time spent in this place.
 B = Non-inter-level travel time spent in this place.
 C = Inter-level travel time spent in this place.
 D = Time resting spent in this place.
 E = Time spent auto-exploring this place.
 F = Levels seen in this place.
 G = Mean time per level.
                   A        B        C        D        E       F      G
               +--------+--------+--------+--------+--------+-----+--------+
         Total |     66 |     66 |      0 |      0 |     41 |   1 |   66.0 |
       Dungeon |     66 |     66 |      0 |      0 |     41 |   1 |   66.0 |
               +--------+--------+--------+--------+--------+-----+--------+

Top non-repeatable levels by time:
     D:1: 66 daAuts
